 Dungeon Crawl Stone Soup version 0.26.1-11-gd32895ea62 (webtiles) character file.

Game seed: 7413949296313758293

5286 Descartes the Grappler (level 10, -5/96 HPs)
             Began as a Troll Chaos Knight on July 15, 2021.
             Was a Plaything of Xom.
             Slain by a black mamba (12 damage)
             ... on level 1 of the Lair of Beasts.
             The game lasted 00:18:25 (7385 turns).

Descartes the Grappler (Troll Chaos Knight)         Turns: 7385, Time: 00:18:25

Health: -5/96      AC:  8    Str: 22    XL:     10   Next: 37%
Magic:  9/9        EV: 14    Int: 12    God:    Xom [*.....]
Gold:   503        SH: 16    Dex: 10    Spells: 9/9 levels left

rFire    . . .     SeeInvis +     - Unarmed
rCold    . . .     Faith    .   d - +0 tower shield
rNeg     + . .     Spirit   .   Q - +1 robe {rN+}
rPois    .         Reflect  .   (helmet restricted)
rElec    .         Harm     .   r - +0 cloak
rCorr    .         Rampage  .   (gloves unavailable)
Will     .....                  (boots unavailable)
Stlth    +.........             (no amulet)
HPRegen  0.66/turn              y - ring of see invisible
MPRegen  0.11/turn              M - +4 ring of evasion

@: lethally poisoned (-5 -> -6)
A: large, unfitting armour, claws 3, horns 1, clever 1, regeneration 1, robust
1, shaggy fur 1, tough skin 3, wild magic 2
a: Renounce Religion


You were on level 1 of the Lair of Beasts.
You worshipped Xom.
You were a special plaything of Xom.
You visited 3 branches of the dungeon, and saw 11 of its levels.

You collected 503 gold pieces.

Inventory:

Hand Weapons
 q - a +5 quarterstaff of chaos
 F - a +0 giant club
Missiles
 b - 13 boomerangs (quivered)
 c - 327 stones
 i - 75 bolts
 m - 43 sling bullets
 n - 24 poisoned darts
 u - 111 arrows
Armour
 d - a +0 tower shield (worn)
 r - a +0 cloak (worn)
 Q - a +1 robe of positive energy (worn)
Magical Staves
 a - an uncursed staff of poison {unknown}
Jewellery
 y - a ring of see invisible (left claw)
 M - a +4 ring of evasion (right claw)
 O - an uncursed ring of stealth
Wands
 t - a wand of random effects (41)
 v - a wand of disintegration (8)
 N - a wand of iceblast (11)
Scrolls
 f - 7 scrolls of teleportation
 j - 3 scrolls of magic mapping
 o - 2 scrolls of amnesia
 s - 6 scrolls of remove curse
 x - a scroll of blinking
 D - 2 scrolls of enchant weapon
 I - a scroll of fog
 J - a scroll of identify
 K - 3 scrolls of enchant armour {unknown}
 L - 2 scrolls of noise
 P - 3 scrolls of summoning {unknown}
Potions
 e - 3 potions of might
 g - a potion of attraction
 h - 2 potions of heal wounds
 k - 5 potions of brilliance {unknown}
 l - a potion of invisibility {unknown}
 p - 2 potions of resistance {unknown}
 w - 2 potions of curing
 z - 3 potions of degeneration
 A - 2 potions of mutation {unknown}
 B - 2 potions of haste
 C - 3 potions of flight
 H - 2 potions of lignification
Miscellaneous
 G - a box of beasts


   Skills:
 - Level 2.4 Fighting
 + Level 7.8 Dodging
 + Level 7.4 Shields
 + Level 9.5 Unarmed Combat


You had 9 spell levels left.
You didn't know any spells.
Your spell library contained the following spells:

 Spells                   Type           Power        Failure   Level
 Sandblast                Erth           0%           94%         1
 Passwall                 Tmut/Erth      0%           98%         2
 Confusing Touch          Hex            0%           100%        3
 Gell's Gravitas          Tloc           0%           100%        3
 Stone Arrow              Conj/Erth      0%           100%        3
 Petrify                  Tmut/Erth      0%           100%        4
 Lee's Rapid Deconstruct  Erth           0%           100%        5
 Metabolic Englaciation   Hex/Ice        0%           100%        5
 Yara's Violent Unravell  Hex/Tmut       0%           100%        5


Dungeon Overview and Level Annotations

Branches:
Dungeon (8/15)             Temple (1/1) D:7            Lair (2/6) D:8
  Swamp: Lair:2-4    Shoals: Lair:2-4     Snake: Lair:2-4    Spider: Lair:2-4

Altars:
Ashenzari
Cheibriados
Elyvilon
Fedhas
Hepliaklqana
Kikubaaqudgha
Makhleb
Nemelex Xobeh
Okawaru
Qazlal
Ru
Sif Muna
Trog
Uskayaw
Vehumet
Wu Jian
Xom
Yredelemnul
Zin

Shops:
D:5 *


Innate Abilities, Weirdness & Mutations

You are too large for most types of armour.
You have claws for hands.
Your natural rate of healing is unusually fast.
You are covered in fur. (AC +1)
You have extremely tough skin. (AC +3)
You have a pair of small horns on your head.
Your mind is acute. (Int +2)
You are robust. (+10% HP)
Your spells are harder to cast, but more powerful.


Message History

Your hound bites the elephant but does no damage.
You closely miss the black mamba. You headbutt the black mamba.
The black mamba is lightly wounded.
You feel sick. You block the black mamba's attack.
The komodo dragon bites your hound!!
Your hound dies!
Your hound's corpse disappears in a puff of smoke!
You block the black mamba's attack.
You feel sick. You block the black mamba's attack.
You feel sick. You block the black mamba's attack.
You feel sick. You block the black mamba's attack.
You feel sick. "Serve the toy, my child!"
The black mamba bites you!
* * * LOW HITPOINT WARNING * * *
Unknown command.
The black mamba bites you!
You die...
Xom chortles!

##### ### ### ###
##.#P###.####P########P##########
.................................
....................####.####..##
##....##.###.###...####.######.#
##....#........#............##.##
##....#........#...##.......##..#
##.................##.......##...
##....#......รท.#@..#P..........##
##.............S...#........P#.#
......#........#.5.####.######.##
##....#......Y.#...#######P###...
.P....######l+#..................
.................................
.................................
.................................
.......#..##.#.#............|....


You could see an elephant, a komodo dragon, a black mamba and a friendly quasit
(summoned).

Vanquished Creatures
  An oklob plant (Lair:2)
  A rime drake (Lair:1)
  A komodo dragon (Lair:1)
  3 yaks (Lair:1)
  Menkaure (D:4)
  2 wargs (D:8)
  An ice beast (D:7)
  An orc warrior (D:8)
  A necrophage (D:5)
  An ogre (D:5)
  3 centaurs
  3 phantoms
  4 wolves (Lair:1)
  A big kobold (D:7)
  4 bullfrogs
  6 scorpions (D:5)
  4 wights
  A vampire bat (D:3)
  A bullfrog zombie (D:6)
  7 orc priests
  A centaur zombie (D:8)
  A centaur skeleton (D:6)
  2 hounds
  Crazy Yiuf (D:2)
  3 jellies
  3 orc wizards
  A bullfrog skeleton (D:7)
  Jessica (D:3)
  An iguana (D:5)
  Terence (D:2)
  8 worker ants
  A hound zombie (D:7)
  3 hound skeletons
  A howler monkey zombie (D:6)
  14 adders
  A shadow imp (D:7)
  3 white imps
  An ufetubus (D:7)
  An adder skeleton (D:7)
  6 worms
  A dart slug (D:1)
  5 leopard geckos
  18 orcs
  2 ball pythons
  16 bats
  A bat skeleton (D:3)
  5 bat zombies (D:3)
  9 giant cockroaches
  10 goblins
  6 hobgoblins
  13 jackals
  2 quokkas
  3 frilled lizards
  9 kobolds
  2 leopard gecko skeletons
  A quokka zombie (D:5)
  7 rats
211 creatures vanquished.

Vanquished Creatures (collateral kills)
  Pikel (D:4)
  2 yaks (Lair:1)
  A leopard gecko (D:4)
  3 orcs (D:4)
7 creatures vanquished.

Vanquished Creatures (others)
  16 fungi (D:5)
  A plant (Lair:2)
17 creatures vanquished.

Grand Total: 235 creatures vanquished

Notes
Turn   | Place    | Note
-------+----------+-------------------------------------------
     0 | D:1      | Descartes the Troll Chaos Knight began the quest for the
                  | Orb.
     0 | D:1      | Reached XP level 1. HP: 22/22 MP: 0/0
    44 | D:1      | XOM: silly message
   140 | D:1      | Reached XP level 2. HP: 29/29 MP: 1/1
   282 | D:1      | XOM: divination: magic mapping
   405 | D:1      | Reached skill level 1 in Shields
   466 | D:1      | Reached XP level 3. HP: 36/36 MP: 2/2
   764 | D:2      | Noticed Terence
   775 | D:2      | Killed Terence
   776 | D:2      | Reached XP level 4. HP: 43/44 MP: 3/3
   824 | D:2      | Found a sacrificial altar of Ru.
   920 | D:2      | Found a runed translucent door.
   921 | D:2      | Noticed Crazy Yiuf
  1112 | D:2      | XOM: noise
  1125 | D:2      | XOM: god gift: scroll labelled OCRAOCYOKOU {god gift}
  1240 | D:2      | Killed Crazy Yiuf
  1241 | D:2      | Reached skill level 4 in Unarmed Combat
  1361 | D:3      | Reached XP level 5. HP: 50/50 MP: 4/4
  1452 | D:3      | XOM is BORED!
  1452 | D:3      | XOM: noise
  1737 | D:3      | XOM: silly message
  1758 | D:3      | Noticed Jessica
  1762 | D:3      | Killed Jessica
  1789 | D:3      | Found an ancient bone altar of Kikubaaqudgha.
  1988 | D:4      | Reached XP level 6. HP: 59/59 MP: 5/5
  2075 | D:4      | Noticed Pikel
  2086 | D:4      | XOM: potion effect (berserk rage)
  2087 | D:4      | XOM: cast spell 'Summon Small Mammal'
  2096 | D:4      | XOM: cast spell 'Summon Dragon'
  2100 | D:4      | Killed Pikel
  2101 | D:4      | Reached skill level 5 in Unarmed Combat
  2101 | D:4      | Reached XP level 7. HP: 41/66 MP: 6/6
  2163 | D:4      | Found an iron altar of Okawaru.
  2294 | D:4      | Noticed Menkaure
  2294 | D:4      | XOM: cast spell 'Shadow Creatures'
  2297 | D:4      | Killed Menkaure
  2718 | D:4      | Found an ornate altar of the Wu Jian Council.
  2813 | D:5      | Entered Level 5 of the Dungeon
  2826 | D:5      | Found Qoedaesh's General Store.
  2904 | D:5      | XOM: noise
  2927 | D:5      | XOM: 1-stop teleportation journey
  2938 | D:5      | Reached skill level 6 in Unarmed Combat
  2946 | D:5      | XOM: confuse monster(s)
  3041 | D:5      | Reached XP level 8. HP: 64/74 MP: 7/7
  3078 | D:5      | Reached skill level 5 in Dodging
  3217 | D:5      | Got a sheer robe
  3228 | D:5      | Identified the +0 robe of the Shoals {Int+4} (You found it
                  | on level 5 of the Dungeon)
  3350 | D:5      | Found a bloodstained altar of Trog.
  3587 | D:5      | XOM: god gift: box of beasts
  3610 | D:5      | Reached skill level 5 in Shields
  3610 | D:5      | Reached skill level 7 in Unarmed Combat
  3630 | D:5      | XOM: summons 5 hostile demons
  4035 | D:6      | XOM: fog
  4058 | D:6      | XOM: scenery: 1 doors close
  4114 | D:6      | XOM: scenery: 1 doors close
  4159 | D:6      | Reached XP level 9. HP: 80/80 MP: 8/8
  4325 | D:6      | XOM: scenery: summon butterflies
  4451 | D:7      | XOM: 2-stop teleportation journey
  4522 | D:7      | XOM: divination: magic mapping
  4585 | D:7      | Found a staircase to the Ecumenical Temple.
  4632 | Temple   | XOM: noise
  4632 | Temple   | Entered the Ecumenical Temple
  4638 | Temple   | XOM is BORED!
  4638 | Temple   | XOM: give mutation
  4638 | Temple   | Gained mutation: Your mind is acute. (Int +2) [Xom's
                  | mischief]
  4929 | D:7      | XOM: scenery: summon butterflies
  5025 | D:7      | XOM: give mutations
  5025 | D:7      | Gained mutation: Your spells are a little harder to cast,
                  | but a little more powerful. [Xom's grace]
  5025 | D:7      | Gained mutation: You have a pair of small horns on your
                  | head. [Xom's grace]
  5025 | D:7      | Gained mutation: Your spells are harder to cast, but more
                  | powerful. [Xom's grace]
  5281 | D:7      | Reached skill level 8 in Unarmed Combat
  5333 | D:8      | Found a staircase to the Lair.
  5359 | D:8      | XOM: fog
  5434 | D:7      | XOM: summons 3 friendly demons
  5593 | D:8      | XOM: summons 2 hostile demons
  5917 | D:8      | XOM: summons 2 hostile shadow creatures
  5930 | D:8      | XOM: divination: detect items
  5984 | D:8      | Found a bloodstained altar of Trog.
  5988 | D:8      | Found a shimmering altar of Xom.
  5988 | D:8      | Found a glowing silver altar of Zin.
  5996 | D:8      | Found a broken altar of Ashenzari.
  5999 | D:8      | Found a snail-covered altar of Cheibriados.
  6122 | Lair:1   | Entered Level 1 of the Lair of Beasts
  6214 | Lair:1   | Noticed a komodo dragon
  6230 | Lair:1   | XOM: smoke on damage
  6233 | Lair:1   | Killed a komodo dragon
  6351 | Lair:1   | Noticed a rime drake
  6365 | Lair:1   | Killed a rime drake
  6366 | Lair:1   | Reached skill level 9 in Unarmed Combat
  6366 | Lair:1   | Reached XP level 10. HP: 61/88 MP: 9/9
  6801 | Lair:1   | XOM: fog
  6807 | Lair:1   | XOM: cast spell 'Summon Horrible Things'
  6843 | Lair:1   | XOM: god gift: weird jewelled staff {god gift}
  6910 | Lair:1   | XOM: god gift: ring mail {god gift}
  6943 | Lair:1   | XOM is BORED!
  6973 | Lair:1   | XOM: potion effect (might)
  7165 | Lair:1   | XOM: give mutation
  7165 | Lair:1   | Gained mutation: You are robust. (+10% HP) [Xom's grace]
  7349 | Lair:2   | Noticed an oklob plant
  7349 | Lair:2   | Noticed an elephant
  7349 | Lair:2   | Noticed an elephant
  7350 | Lair:2   | Noticed an elephant
  7357 | Lair:2   | Noticed a black mamba
  7359 | Lair:2   | Killed an oklob plant
  7359 | Lair:2   | XOM: cast spell 'Leda's Liquefaction'
  7361 | Lair:2   | XOM: cast spell 'Summon Small Mammal'
  7376 | Lair:1   | XOM: cast spell 'Call Canine Familiar'
  7384 | Lair:1   | XOM: summons friendly quasit
  7385 | Lair:1   | Slain by a black mamba

Illustrated notes

Levels and vault maps discovered:
D:1:      dpeg_arrival_boxes_within_box, layout_basic, kennysheep_another_room,
          minmay_misc_feat_more_columns
D:2:      layout_rooms, nicolae_ru_sacrificial_ziggurat, uniq_terence,
          uniq_crazy_yiuf_cottage
D:3:      layout_rooms, kennysheep_vampire_church, corexii_corridor_pit,
          minmay_misc_feat_square, uniq_jessica
D:4:      layout_cave_pods, kennysheep_little_box, okawaru_gym_becter,
          uniq_pikel, uniq_menkaure
D:5:      old_forge, layout_cave_pools, serial_shops, shop, bloody_trog
D:6:      wander_river, layout_basic
D:7:      layout_loops_cross, minmay_temple_entry_proselytizer
D:8:      layout_cave_pools, minmay_overflow_temple_star_hex,
          erik_lair_orcish_takeover
Temple:   minmay_temple_bridge_abc
Lair:1:   layout_regular_city
Lair:2:   dpeg_oklob_shooting_range, layout_layer_cave

Skill      XL: |  1  2  3  4  5  6  7  8  9 10 |
---------------+-------------------------------+-----
Dodging        | 2 3 4 6 7 |  7.8
Shields        | 1 2 3 4 5 6 7 |  7.4
Unarmed Combat | 4 5 6 7 9 |  9.5
Fighting       | |  2.4

Action                   |  1- 3 |  4- 6 |  7- 9 | 10-12 || total
-------------------------+-------+-------+-------+-------++-------
Melee: Unarmed           |   116 |   157 |   513 |    45 ||   831
       Headbutt          |       |       |    33 |    11 ||    44
  Use: Scroll            |       |     5 |     9 |       ||    14
       Potion            |       |       |     3 |       ||     3
 Stab: Sleeping          |       |     1 |     2 |       ||     3
       Confused          |       |       |     2 |       ||     2
Armor: Robe              |    53 |    69 |   123 |     9 ||   254
Dodge: Dodged            |    26 |    33 |   159 |    21 ||   239
Block: Tower shield      |    66 |   141 |   412 |    52 ||   671
